 Dungeon Crawl Stone Soup version 0.22-a0-346-ga714374 (webtiles) character file.

59 grindst0ne the Sneak (level 4, -1/29 HPs)
             Began as an Octopode Assassin on Apr 6, 2018.
             Slain by an orc
             ... wielding a +0 trident
              (8 damage)
             ... on level 2 of the Dungeon.
             The game lasted 00:01:03 (917 turns).

grindst0ne the Sneak (Octopode Assassin)             Turns: 917, Time: 00:01:04

Health: -1/29      AC:  1    Str: 10    XL:     4   Next: 3%
Magic:  4/4        EV: 13    Int: 13    God:
Gold:   28         SH:  0    Dex: 14    Spells: 3/3 levels left

rFire    . . .     SeeInvis .   a - +2 dagger
rCold    . . .     Gourm    .   (no shield)
rNeg     . . .     Faith    .   (helmet restricted)
rPois    .         Spirit   .   (no amulet)
rElec    .         Reflect  .   (no ring)
rCorr    .         Harm     .   (no ring)
MR       .....                  (no ring)
Stlth    ++++......             (no ring)
HPRegen  0.09/turn              (no ring)
MPRegen  0.09/turn              (no ring)
                                (no ring)
                                (no ring)

@: no status effects
A: almost no armour, stealthy swim, amphibious, 8 rings, constrict 8, camouflage
1, gelatinous body 1
a: no special abilities


You were on level 2 of the Dungeon.
You were not hungry.

You visited 1 branch of the dungeon, and saw 2 of its levels.

You collected 28 gold pieces.

Inventory:

Hand Weapons
 a - a +2 dagger (weapon)
 b - a +0 blowgun
Missiles
 c - 8 poisoned needles
 d - 2 curare-tipped needles
Scrolls
 g - a scroll of identify {unknown}
 j - a scroll of enchant weapon {unknown}
Potions
 e - 2 potions of curing {unknown}
 i - a potion of berserk rage {unknown}
 k - a potion of agility {unknown}
Comestibles
 f - 4 rations
 h - 10 chunks of flesh


   Skills:
 - Level 2.0 Fighting
 - Level 2.0 Short Blades
 + Level 2.8 Throwing
 + Level 2.2 Dodging
 + Level 6.2 Stealth


You had 3 spell levels left.
You didn't know any spells.

Dungeon Overview and Level Annotations

Branches:
Dungeon (2/15)

Altars:
Makhleb


Innate Abilities, Weirdness & Mutations

You cannot wear most types of armour.
You are very stealthy in the water. (Stealth+)
You are amphibious.
You can wear up to eight rings at the same time.
You can use your tentacles to constrict eight enemies at once.
Your skin changes colour to match your surroundings (Stealth+).
Your rubbery body absorbs attacks. (AC +1, EV +1)


Message History

The orc throws a tomahawk.
The tomahawk misses you.
A kobold comes into view. It is wielding a dagger.
There is an open door here.
The orc throws a tomahawk.
The tomahawk misses you.
The tomahawk misses the kobold.
The kobold closely misses you.
You closely miss the kobold. Your grab misses the kobold.
You squeeze the kobold, but do no damage.
The kobold hits you but does no damage.
You closely miss the kobold. You grab the kobold.
You constrict the kobold, but do no damage.
The kobold misses you.
You hit the kobold.
The kobold is severely wounded.
You constrict the kobold.
You kill the kobold!
The orc hits you from afar with a trident.
* * * LOW HITPOINT WARNING * * *
The orc hits you with a trident!
You die...

..##.รท..#
#.##.#..###..# ######
#....o........ ##..
..# #.###o###.#..#
.....#.##.# #.# .# #
#.#.##.##...###o### #
#.#.##.###..o.._..+
#.#.[....(.o#######
#.#.##.####@# ###
#.#.##.# #.#######..
#......####..........
##....)....#.#######.
#.#######...# #.#
#.### ###.#######.###
#...<...#.....#
#.#.###.#.....#


You could see 2 orcs.

Vanquished Creatures
  Jessica (D:2)
  An adder (D:2)
  2 orcs (D:2)
  2 goblins (D:1)
  A hobgoblin (D:2)
  8 jackals
  2 kobolds
  2 bats (D:1)
  A frilled lizard (D:1)
  A rat (D:1)
21 creatures vanquished.

Notes
Turn   | Place    | Note
-------+----------+-------------------------------------------
     0 | D:1      | grindst0ne the Octopode Assassin began the quest for the Orb.
     0 | D:1      | Reached XP level 1. HP: 14/14 MP: 1/1
   185 | D:1      | Reached XP level 2. HP: 14/19 MP: 2/2
   797 | D:2      | Noticed Jessica
   805 | D:2      | Killed Jessica
   805 | D:2      | Reached skill level 6 in Stealth
   805 | D:2      | Reached XP level 3. HP: 24/24 MP: 3/3
   838 | D:2      | Found a burning altar of Makhleb.
   904 | D:2      | Reached XP level 4. HP: 9/29 MP: 4/4
   917 | D:2      | Slain by an orc

Vault maps used:
D:1:      dpeg_arrival_solitude
D:2:      marbit_many_paths, lemuel_doored_altar, first_ration, uniq_jessica

Skill      XL: |  1  2 |
---------------+-------+-----
Dodging        | 2 |  2.2
Stealth        | 6 |  6.2
Fighting       | |  2.0
Short Blades   | |  2.0
Throwing       | |  2.8

Action                   |  1- 3 |  4- 6 || total
-------------------------+-------+-------++-------
Melee: Dagger            |    44 |     3 ||    47
       Constrict         |    11 |     1 ||    12
       Tentacles         |     8 |     1 ||     9
 Stab: Sleeping          |     3 |       ||     3
Armor: Skin              |     3 |       ||     3
Dodge: Dodged            |    30 |     5 ||    35

Table legend:
 A = Spawn XP
 B = Non-spawn XP
 C = Spawn XP percentage of total XP
 D = Spawn monster count
 E = Non-spawn monster count
 F = Spawn count percentage of total count
 G = Total turns spent on level
                    A         B        C        D         E        F      G
               +---------+---------+-------+---------+---------+-------+---------
         Total |       0 |      85 |   0.0 |       0 |      21 |   0.0 |   917
               +---------+---------+-------+---------+---------+-------+---------
           D:1 |       0 |      20 |   0.0 |       0 |      12 |   0.0 |   796
           D:2 |       0 |      65 |   0.0 |       0 |       9 |   0.0 |   121
               +---------+---------+-------+---------+---------+-------+---------
